 Dungeon Crawl Stone Soup version 0.28-a0-957-g42eb19b844 (webtiles) character file.

Game seed: 10778256532307139389

53 bande the Covered (level 3, -9/24 HPs)
             Began as a Gargoyle Fighter on Dec 1, 2021.
             Killed from afar by Ijyb (12 damage)
             ... with an iceblast
             ... on level 3 of the Dungeon.
             The game lasted 00:03:07 (1881 turns).

bande the Covered (Gargoyle Fighter)                Turns: 1881, Time: 00:03:08

Health: -9/24      AC: 10    Str: 21    XL:     3   Next: 87%
Magic:  3/3        EV:  9    Int:  8    God:
Gold:   110        SH:  5    Dex: 15    Spells: 2/2 levels left

rFire   . . .      SeeInvis .   a - +0 war axe
rCold   . . .      Faith    .   c - +0 buckler
rNeg    + . .      Spirit   .   b - +0 scale mail
rPois   ∞          Reflect  .   (no helmet)
rElec   +          Harm     .   (no cloak)
rCorr   .          Rampage  .   (no gloves)
Will    .....                   (no boots)
Stlth   ..........              (no amulet)
HPRegen 0.08/turn               g - +6 ring of dexterity
MPRegen 0.08/turn               (no ring)

@: no status effects
A: sickness immunity, AC +3, negative energy resistance 1, electricity
resistance, torment resistance 1, petrification resistance
a: no special abilities


You were on level 3 of the Dungeon.
You visited 1 branch of the dungeon, and saw 3 of its levels.

You collected 110 gold pieces.

Inventory:

Hand Weapons
 a - a +0 war axe (weapon)
 k - a +0 flail
Armour
 b - a +0 scale mail (worn)
 c - a +0 buckler (worn)
Jewellery
 g - a +6 ring of dexterity (left hand)
 h - a ring of magical power
Scrolls
 e - 2 scrolls of fog
 f - a scroll of acquirement {unknown}
 i - 2 scrolls of amnesia {unknown}
 j - a scroll of immolation {unknown}
Potions
 d - a potion of might


   Skills:
 + Level 3.7 Fighting
 + Level 2.6 Axes
 + Level 3.9 Armour
 + Level 3.6 Shields


You had 2 spell levels left.
You didn't know any spells.
Your spell library contained the following spells:

 Spells                   Type           Power      Damage    Failure   Level
 Beastly Appendage        Tmut           0%         N/A       77%         1
 Wereblood                Tmut           0%         N/A       88%         2
 Spider Form              Tmut/Pois      0%         N/A       98%         3


Dungeon Overview and Level Annotations

Branches:
Dungeon (3/15)

Altars:
Qazlal

Annotations:
D:3 Ijyb


Innate Abilities, Weirdness & Mutations

You are immune to sickness and miasma.
Your stone body is resilient. (AC +3)
You are immune to poison.
You resist negative energy. (rN+)
You are resistant to electric shocks. (rElec)
You are resistant to unholy torment.
You are immune to petrification.


Message History

There is a stone staircase leading up here.
Found a leather armour.
Found an escape hatch in the floor.
A goblin comes into view. It is wielding a +0 club.
The goblin shouts!
You see here a +0 leather armour.
You miss the goblin. The goblin closely misses you.
The goblin hits you but does no damage.
You slash the goblin!
You kill the goblin!
No target in view!
No target in view!
No target in view!
No target in view!
No target in view!
You see here a +0 club.
There is an escape hatch in the floor here.
Ijyb the Twisted Goblin comes into view.
She is wielding a +0 club and carrying a wand of iceblast (8).
Ijyb shouts!
Ijyb is nearby!
No reachable target in view!
No reachable target in view!
No reachable target in view!
Ijyb zaps a wand.
The mass of ice explodes!
The iceblast engulfs you.
Ijyb zaps a wand.
The mass of ice explodes!
The iceblast engulfs you!
Ouch! That really hurt!
* * * LOW HITPOINT WARNING * * *
Okay, then.
As you read the scroll labelled JEFEPLU DOLIMI, it crumbles to dust.
The scroll dissolves into smoke.
It was a scroll of fog.
Okay, then.
Okay, then.
Found a stone staircase leading down.
Ijyb zaps a wand.
The mass of ice explodes!
The iceblast engulfs you.
* * * LOW HITPOINT WARNING * * *
You hear a shout!
Found a brown potion.
Ijyb zaps a wand.
The mass of ice explodes!
The iceblast engulfs you!
Ouch! That really hurt!
You die...

#.# #.# #.# # #.#
#.#######.#### ###
..##............# ...
.........######.# !.#
.......#.######.#########..#
........<.......@..........###
.#.....#######.#######g....>..
....... #.# #.......##.
≈≈≈§≈≈≈ #.# #.#........
...§§.≈ #[# #.##.......
≈≈≈≈≈§≈ #.# #.# .##.#.# ...≈
#####)# #.# .# .... ..##># #.#
.. ... . #.##.# #g# ## .#


You could see Ijyb.

Vanquished Creatures
  A dart slug (D:1)
  3 orcs (D:2)
  3 endoplasms
  2 giant cockroaches (D:2)
  4 goblins
  2 hobgoblins (D:1)
  8 jackals (D:1)
  A quokka (D:1)
  3 ball pythons (D:2)
  4 bats (D:1)
  3 frilled lizards
  3 kobolds (D:1)
  9 rats
46 creatures vanquished.

Notes
Turn   | Place    | Note
-------+----------+-------------------------------------------
     0 | D:1      | bande the Gargoyle Fighter began the quest for the Orb.
     0 | D:1      | Reached XP level 1. HP: 14/14 MP: 1/1
   185 | D:1      | Reached XP level 2. HP: 18/19 MP: 2/2
   332 | D:1      | Reached XP level 3. HP: 21/23 MP: 3/3
  1309 | D:2      | Found a stormy altar of Qazlal.
  1854 | D:3      | Noticed Ijyb
  1881 | D:3      | Killed from afar by Ijyb

Illustrated notes

Levels and vault maps discovered:
D:1:      lordsloth_arrival_two_stooges, layout_basic, st_stairs_1,
          minmay_splitting_lines, patterned_corridor
D:2:      layout_basic, basic_altar, minmay_rat_gold_closets
D:3:      layout_loops_ring, amcnicky_altar_gilded,
          mainiacjoe_overflow_concentric_impassable,
          shapermc_ecumenical_altar_pompeii, uniq_ijyb

Skill      XL: |  1  2 |
---------------+-------+-----
Axes           | 2 |  2.6
Fighting       | |  3.7
Armour         | |  3.9
Shields        | |  3.6

Action                   || total
-------------------------++-------
Melee: War axe           ||   130
  Use: Scroll            ||     1
Armor: Scale mail        ||   109
Dodge: Dodged            ||    75
Block: Buckler           ||    39

Table legend: (Time is in decaauts)
 A = Elapsed time spent in this place.
 B = Non-inter-level travel time spent in this place.
 C = Inter-level travel time spent in this place.
 D = Time resting spent in this place.
 E = Time spent auto-exploring this place.
 F = Levels seen in this place.
 G = Mean time per level.
                   A        B        C        D        E       F      G
               +--------+--------+--------+--------+--------+-----+--------+
         Total |   1933 |   1899 |     34 |     86 |   1387 |   3 |  644.3 |
       Dungeon |   1933 |   1899 |     34 |     86 |   1387 |   3 |  644.3 |
               +--------+--------+--------+--------+--------+-----+--------+

Top non-repeatable levels by time:
     D:1: 1151 daAuts
     D:2: 722 daAuts
     D:3: 58 daAuts
